Map: Curious Minds LE

Players

Reynor - Winner!

  • Race: Zerg Zerg

TIME (Oliveira)

  • Race: Terran Terran

Event: TSL 8

VOD

Have the link to the VOD?

Description

Time

  • Played on: Dec. 4, 2021, 10:22 a.m.
  • Length: 15:22

All games in this series

Show
View Real Time Build Order
Export as new Build Order

Reynor Zerg - Winner!

Build Orders: Hatch First, Lurkers 

Get SALT Encoding   

  12  0:00  Drone  
  13  0:14  Overlord  
  13  0:17  Drone  
  14  0:33  Drone x2  
  16  0:48  Hatchery  
  15  0:51  Drone  
  15  0:55  Drone  
  17  0:58  Drone  
  18  1:10  Extractor  
  17  1:13  Spawning Pool  
  17  1:16  Drone  
  17  1:20  Drone  
  18  1:30  Drone  
  19  1:40  Drone  
  20  1:51  Overlord  
  20  2:00  Queen x2  
  24  2:02  Zergling x2  
  24  2:03  Zergling x2  
  26  2:11  Drone  
  26  2:14  Drone  
  28  2:21  Drone  
  29  2:23  Drone  
  29  2:28  Hatchery  
  29  2:35  Metabolic Boost  
  29  2:40  Drone x2  
  31  2:45  Queen  
  31  2:50  Overlord  
  33  2:53  Drone  
  33  2:55  Drone  
  35  2:58  Drone  
  36  3:10  Drone x2  
  36  3:11  Drone, Queen  
  41  3:13  Overlord  
  41  3:17  Drone  
  41  3:19  Drone  
  43  3:26  Drone  
  44  3:30  Overlord  
  44  3:31  Queen  
  44  3:32  Drone  
  47  3:41  Drone  
  48  3:42  Queen  
  48  3:44  Zergling x4  
  52  3:50  Drone x4  
  52  3:53  Overlord  
  52  3:55  Queen  
  58  3:58  Drone  
  58  4:01  Drone x2  
  58  4:02  Drone  
  62  4:04  Drone  
  62  4:07  Overlord  
  63  4:11  Queen  
  63  4:14  Drone  
  66  4:24  Overlord x2  
  66  4:27  Drone x2  
  66  4:28  Drone  
  66  4:30  Drone x5  
  74  4:39  Overlord  
  74  4:42  Queen  
  74  4:45  Zergling x10  
  81  4:50  Overlord  
  80  4:53  Drone x2  
  80  4:54  Evolution Chamber  
  80  4:55  Evolution Chamber  
  80  4:59  Drone  
  81  5:00  Drone  
  81  5:01  Drone  
  81  5:06  Zergling x4, Hatchery  
  83  5:07  Drone x2  
  83  5:08  Drone x2  
  83  5:12  Drone  
  88  5:16  Spore Crawler  
  88  5:17  Extractor  
  88  5:20  Zerg Ground Armor Level 1  
  88  5:21  Zerg Melee Weapons Level 1  
  86  5:22  Drone x2, Overlord  
  86  5:25  Drone x2  
  86  5:27  Drone x2  
  92  5:29  Drone x2  
  92  5:30  Extractor x2  
  92  5:34  Spore Crawler  
  91  5:38  Overlord  
  91  5:40  Drone x2  
  93  5:44  Drone x3  
  93  5:46  Extractor  
  93  5:47  Zergling x2, Extractor  
  93  5:48  Drone  
  95  5:53  Zergling x6  
  95  5:55  Drone  
  100  5:57  Drone x2  
  100  5:58  Overlord  
  100  6:00  Lair, Spore Crawler x2  
  100  6:02  Drone x2  
  100  6:04  Drone  
  100  6:08  Baneling Nest  
  97  6:12  Drone x2  
  97  6:17  Overlord  
  97  6:18  Drone x2  
  99  6:20  Zergling x2  
  99  6:24  Zergling x6  
  99  6:25  Zergling x4  
  105  6:28  Queen  
  105  6:30  Drone x2  
  105  6:31  Drone x2  
  111  6:33  Drone x2  
  111  6:36  Drone x2  
  111  6:39  Drone  
  116  6:42  Drone  
  117  6:47  Drone x2  
  117  6:51  Zergling x2  
  122  6:54  Zergling x8  
  122  6:56  Baneling x7  
  122  6:58  Zergling x4  
  122  6:59  Hatchery  
  122  7:01  Zergling x6  
  128  7:04  Centrifugal Hooks  
  128  7:08  Zergling x10  
  132  7:10  Zergling x4  
  132  7:12  Hydralisk Den  
  132  7:14  Overlord  
  134  7:17  Zergling x2  
  133  7:26  Zergling x6  
  133  7:27  Zergling x4  
  133  7:30  Drone, Zerg Melee Weapons Level 2, Zerg Ground Armor Level 2  
  133  7:37  Baneling x8  
  133  7:38  Zergling x12  
  139  7:47  Zergling x10  
  144  7:51  Baneling x5  
  144  7:52  Baneling x8  
  144  7:54  Zergling x14  
  144  7:57  Baneling x10  
  151  8:05  Zergling x4  
  152  8:06  Overlord  
  152  8:07  Overlord x2  
  152  8:12  Baneling  
  152  8:23  Zergling x6  
  152  8:24  Zergling x6  
  152  8:25  Overlord  
  158  8:33  Hydralisk  
  158  8:34  Hydralisk, Zergling x20  
  151  8:36  Zergling x4  
  151  8:38  Drone  
  164  8:41  Drone x2  
  164  8:42  Drone  
  164  8:43  Extractor  
  164  8:45  Muscular Augments, Extractor  
  164  8:47  Hydralisk x4  
  172  8:52  Hydralisk x6  
  172  8:53  Hydralisk  
  172  8:54  Overseer  
  175  8:56  Zergling x2  
  175  9:04  Drone  
  175  9:05  Drone x7  
  175  9:08  Hydralisk  
  185  9:15  Hydralisk  
  185  9:16  Hydralisk  
  189  9:19  Overlord  
  188  9:28  Baneling  
  188  9:29  Baneling x9  
  187  9:34  Zergling x12  
  187  9:36  Overlord  
  182  9:39  Hydralisk x4  
  182  9:40  Zergling x16  
  195  9:46  Drone x2, Infestation Pit  
  195  9:47  Spore Crawler  
  195  9:52  Hydralisk, Zergling x2  
  198  9:56  Grooved Spines  
  198  9:58  Pneumatized Carapace, Overseer  
  197  10:00  Hatchery  
  184  10:10  Zergling x24  
  184  10:11  Baneling  
  184  10:12  Baneling x13  
  196  10:19  Drone x4  
  196  10:20  Drone  
  196  10:21  Zerg Missile Weapons Level 1  
  195  10:38  Baneling  
  195  10:39  Baneling x7, Zergling x2  
  195  10:40  Zergling x4  
  196  10:45  Hydralisk  
  196  10:46  Zergling x20  
  196  10:49  Zergling x2  
  189  10:52  Hive  
  189  10:54  Lurker Den  
  189  10:55  Zergling x16  
  196  10:59  Queen  
  196  11:00  Overlord  
  190  11:20  Zergling x2  
  190  11:21  Zergling x22  
  190  11:24  Baneling x11  
  193  11:34  Zergling x14  
  188  11:47  Drone x6, Queen  
  188  11:50  Zergling x22  
  188  11:53  Hydralisk x2  
  199  12:01  Overlord  
  187  12:10  Hydralisk x5, Zergling x2  
  187  12:11  Zergling x14  
  187  12:14  Seismic Spines  
  185  12:16  Baneling  
  185  12:17  Overseer, Baneling x14  
  185  12:18  Zergling x10  
  185  12:22  Lurker x6  
  196  12:24  Zergling x6  
  196  12:26  Baneling x9  
  196  12:28  Extractor  
  196  12:29  Extractor  
  195  12:36  Zergling x14  
  197  12:41  Zergling x10  
  193  12:48  Zergling x14  
  193  12:50  Lurker  
  197  12:58  Zerg Missile Weapons Level 2  
  197  13:07  Baneling x13  
  197  13:11  Adaptive Talons  
  197  13:12  Baneling x12  
  197  13:20  Hatchery  
  184  13:31  Hydralisk  
  184  13:32  Zergling x44  
  194  13:38  Lurker x2  
  194  13:39  Lurker x2  
  198  13:45  Spore Crawler  
  198  13:47  Spore Crawler  
  185  14:06  Zergling x18  
  185  14:07  Zergling x8  
  195  14:19  Zergling x16  
  195  14:20  Hydralisk  
  195  14:21  Hydralisk, Zergling x2  
  195  14:23  Zergling x2  
  195  14:24  Zergling x14  
  195  14:26  Hydralisk  
  195  14:30  Zergling x4  
Show
View Real Time Build Order
Export as new Build Order

TIME Terran 

Build Orders: Reaper Expand, Hellion Banshee 

Get SALT Encoding   

  12  0:00  SCV  
  13  0:12  SCV  
  14  0:17  Supply Depot  
  14  0:24  SCV  
  15  0:39  SCV  
  15  0:41  Barracks  
  16  0:43  Refinery  
  16  0:51  SCV  
  17  1:03  SCV  
  18  1:15  SCV  
  19  1:28  Reaper, Orbital Command  
  20  1:39  Command Center  
  20  1:47  Supply Depot  
  20  1:54  SCV  
  20  2:00  Marine  
  22  2:06  SCV  
  23  2:11  Factory  
  23  2:18  SCV  
  23  2:21  Barracks Reactor  
  24  2:30  SCV  
  25  2:39  Command Center  
  25  2:43  SCV  
  26  2:51  Orbital Command  
  26  2:55  SCV  
  27  3:01  Starport  
  27  3:08  SCV  
  27  3:10  Hellion  
  27  3:11  Hellion  
  32  3:15  Barracks Tech Lab  
  32  3:18  SCV  
  33  3:21  SCV, Refinery  
  34  3:30  SCV  
  34  3:31  Hellion  
  34  3:33  Hellion  
  39  3:35  SCV  
  40  3:42  SCV  
  40  3:44  Barracks Tech Lab  
  40  3:48  SCV  
  42  3:49  Banshee  
  42  3:52  Orbital Command  
  42  3:55  Hellion, SCV  
  48  3:58  Hellion  
  50  4:03  SCV  
  50  4:07  SCV, Marine  
  50  4:08  Supply Depot  
  53  4:16  SCV  
  56  4:17  SCV  
  56  4:19  SCV  
  60  4:26  Marine  
  60  4:27  Stimpack  
  60  4:29  SCV  
  58  4:31  Barracks  
  58  4:32  Supply Depot  
  58  4:33  SCV  
  58  4:34  Barracks  
  58  4:36  Factory Reactor  
  58  4:37  Banshee  
  62  4:40  SCV  
  62  4:44  SCV, Marine  
  65  4:45  SCV  
  65  4:52  SCV  
  67  4:55  Engineering Bay  
  67  4:56  SCV, Engineering Bay  
  67  4:59  Supply Depot  
  68  5:00  SCV  
  68  5:01  Refinery  
  68  5:02  Marine  
  68  5:04  SCV  
  71  5:08  SCV  
  71  5:12  SCV  
  71  5:14  Refinery  
  73  5:16  SCV  
  73  5:19  Marine x2  
  76  5:23  SCV  
  76  5:28  Terran Infantry Weapons Level 1, Starport Reactor, Terran Infantry Armor Level 1  
  77  5:29  Marine x3  
  77  5:30  Orbital Command  
  77  5:32  Barracks  
  77  5:33  SCV  
  77  5:34  Supply Depot  
  77  5:35  Barracks  
  81  5:37  Supply Depot, Marine  
  81  5:38  Marine  
  83  5:43  SCV  
  83  5:47  SCV  
  85  5:54  Supply Depot x2  
  85  5:55  SCV, Siege Tank, Marine x2  
  91  5:57  Marine  
  91  5:58  SCV  
  91  5:59  Marine  
  94  6:06  Medivac x2, Combat Shield  
  94  6:09  Marine  
  94  6:10  SCV x2  
  101  6:13  Refinery  
  101  6:15  Marine  
  101  6:16  SCV  
  101  6:17  Marine  
  104  6:18  Marine  
  104  6:22  Supply Depot, Barracks Reactor, SCV x2  
  104  6:23  Barracks Reactor  
  104  6:24  Marine  
  105  6:27  Marine  
  105  6:28  SCV  
  105  6:30  Siege Tank  
  110  6:34  SCV  
  110  6:39  Marine x2  
  112  6:41  SCV x2  
  112  6:44  Factory, Armory  
  112  6:45  Marine  
  116  6:50  Marine x2  
  116  6:51  Supply Depot  
  116  6:53  Command Center  
  118  7:00  SCV  
  118  7:01  SCV, Marine  
  120  7:03  SCV  
  120  7:04  Marine x3  
  120  7:07  Supply Depot  
  125  7:12  SCV  
  125  7:13  Widow Mine  
  125  7:14  Supply Depot  
  128  7:17  Marine x2  
  128  7:18  SCV  
  128  7:19  Marine  
  128  7:22  Supply Depot  
  131  7:26  Marine  
  131  7:27  Marine x2  
  128  7:30  Marine x2  
  128  7:33  Terran Infantry Weapons Level 2, Terran Infantry Armor Level 2  
  128  7:35  Drilling Claws  
  132  7:41  Marine x2  
  132  7:43  Marine x2  
  135  7:52  Marine x3  
  135  7:56  Factory Reactor  
  136  7:59  Widow Mine  
  136  8:02  Marine  
  136  8:03  Marine  
  136  8:04  Marine x2  
  136  8:06  Medivac x2  
  136  8:08  Barracks  
  136  8:09  Marine, Barracks  
  136  8:10  Barracks  
  136  8:12  SCV x2  
  141  8:14  Marine x2  
  141  8:18  Sensor Tower  
  141  8:19  Marine x2  
  145  8:24  Marine  
  146  8:30  Marine  
  140  8:37  Marine  
  140  8:38  Marine x5  
  140  8:39  Widow Mine x2, Siege Tank  
  140  8:40  Medivac x2  
  140  8:41  Planetary Fortress  
  143  8:45  Marine x2  
  143  8:48  Marine  
  135  8:55  Marine  
  135  8:56  Marine x3  
  135  8:58  Barracks Tech Lab x2  
  135  8:59  SCV x2, Barracks Tech Lab  
  135  9:00  SCV  
  135  9:02  Command Center  
  145  9:03  Widow Mine x2  
  145  9:04  Marine x2  
  145  9:07  Marine x2  
  149  9:11  SCV x2, Marine  
  149  9:12  SCV  
  149  9:13  Supply Depot x2, Siege Tank  
  154  9:25  Marine x2  
  154  9:26  Marine x2  
  157  9:34  Marine x2  
  159  9:38  Marine  
  159  9:39  Marauder, Marine x3  
  159  9:40  Widow Mine x2, Medivac  
  159  9:43  Supply Depot  
  171  9:46  Supply Depot  
  171  9:47  Marine x2  
  171  9:48  Marauder, Concussive Shells  
  171  9:51  Terran Infantry Weapons Level 3, Terran Infantry Armor Level 3  
  175  9:56  Marine x2  
  175  9:57  Marauder, Marine x2  
  175  9:59  Siege Tank  
  184  10:05  Sensor Tower  
  178  10:07  Sensor Tower  
  178  10:08  Marauder x2, Marine  
  178  10:09  Marauder  
  178  10:13  Refinery  
  182  10:20  Marine  
  182  10:21  Marauder  
  185  10:29  Marine x2  
  185  10:30  Marauder  
  185  10:31  Siege Tank  
  186  10:47  Marauder x2  
  186  10:48  Marine x2  
  184  10:50  Widow Mine x2, Medivac x2  
  184  10:53  Marauder x2  
  184  10:54  Ghost Academy  
  184  10:56  Missile Turret  
  184  10:57  Command Center x2, Marine  
  188  11:23  Medivac x2  
  188  11:24  Widow Mine x2  
  193  11:26  Planetary Fortress  
  193  11:28  Ghost  
  193  11:29  Refinery  
  193  11:30  Refinery  
  193  11:31  Ghost  
  191  11:43  Command Center  
  191  11:53  Marine x4  
  191  11:54  Marine x2  
  179  11:57  Widow Mine x2, Siege Tank  
  179  12:06  SCV, Marine  
  179  12:07  Marauder, Marine  
  174  12:09  SCV  
  174  12:10  SCV  
  174  12:13  Command Center  
  174  12:14  Marauder x2, Marine x3  
  177  12:15  Medivac x2  
  177  12:18  SCV  
  177  12:20  Command Center  
  182  12:23  Marine  
  182  12:24  Marine x2  
  185  12:30  Marauder, Marine x3  
  185  12:31  Siege Tank  
  185  12:32  Widow Mine  
  182  12:48  Ghost x3  
  182  12:50  Widow Mine  
  182  12:51  Ghost  
  178  12:53  Refinery  
  178  12:56  Liberator x2  
  178  12:57  Widow Mine  
  178  12:58  SCV x3  
  191  12:59  SCV  
  192  13:14  Personal Cloaking  
  192  13:15  Missile Turret, Command Center  
  185  13:28  Ghost x2  
  185  13:31  Ghost  
  185  13:33  Widow Mine  
  151  13:34  Marine  
  151  13:38  Widow Mine  
  151  13:39  Widow Mine  
  153  13:42  Planetary Fortress  
  153  13:45  SCV x2  
  155  13:49  SCV x2  
  157  13:56  Ghost  
  157  13:59  Ghost  
  158  14:04  Ghost  
  158  14:06  SCV  
  158  14:07  SCV  
  153  14:11  SCV  
  128  14:30  SCV  
  128  14:31  SCV x2  
Tags
 
Add a new tag
Caveats
  • Supply blocks, unpowered buildings, or Contaminate may cause inaccurate times.
  • Supply counts are checked every 10 seconds.